 Dungeon Crawl Stone Soup version 0.28.0 (webtiles) character file.

Game seed: 17091532561770952909

533 AmazingTV the Sneak (level 7, 0/36 HPs)
             Began as a Spriggan Brigand on June 26, 2022.
             Slain by a killer bee (5 damage)
             ... on level 5 of the Dungeon.
             The game lasted 00:19:16 (4255 turns).

AmazingTV the Sneak (Spriggan Brigand)              Turns: 4255, Time: 00:19:17

Health: 0/36       AC:  7    Str:  9    XL:     7   Next: 4%
Magic:  8/8        EV: 19    Int: 12    God:
Gold:   183        SH:  0    Dex: 17    Spells: 6/6 levels left

rFire   . . .      SeeInvis +   b - +0 rapier
rCold   . . .      Faith    .   (no shield)
rNeg    . . .      Spirit   .   D - +0 steam dragon scales
rPois   .          Reflect  .   (helmet restricted)
rElec   .          Harm     .   u - +1 cloak
rCorr   .          Rampage  .   (gloves unavailable)
Will    +....                   (boots unavailable)
Stlth   ++++......              h - amulet of regeneration
HPRegen 0.92/turn               (no ring)
MPRegen 0.11/turn               (no ring)

@: lethally poisoned (0 -> -2), very quick
A: very small, no large weapons, unfitting armour, see invisible, speed 3
a: no special abilities


You were on level 5 of the Dungeon.
You visited 1 branch of the dungeon, and saw 5 of its levels.
You also visited: Sewer.

You collected 183 gold pieces.

Inventory:

Hand Weapons
 a - a +2 dagger
 b - a +0 rapier (weapon)
 v - a +2 flail of holy wrath
 y - the +4 whip of Undoing {drain, Str+4}
   (You found it on level 4 of the Dungeon)

   A truly terrible weapon, it drains the life of any living foe it strikes.
   Str:       It affects your strength (+4).
 z - a +0 hunting sling
Missiles
 d - 6 poisoned darts (quivered)
 e - 2 curare-tipped darts
 f - 24 arrows
 i - 13 stones
 k - 21 sling bullets
 B - 2 boomerangs
Armour
 u - a +1 cloak (worn)
 D - +0 steam dragon scales (worn)
Jewellery
 h - an amulet of regeneration (around neck)
 F - an amulet of reflection
Wands
 q - a wand of flame (25)
 A - a wand of acid (13)
Scrolls
 g - 4 scrolls of identify {unknown}
 j - 2 scrolls of teleportation {unknown}
 m - a scroll of silence {unknown}
 o - a scroll of brand weapon {unknown}
 r - a scroll of blinking {unknown}
 s - a scroll of enchant weapon {unknown}
 x - a scroll of vulnerability {unknown}
 C - a scroll of fear {unknown}
 G - a scroll of fog {unknown}
Potions
 c - a potion of flight {unknown}
 l - 2 potions of brilliance {unknown}
 n - 2 potions of might {unknown}
 p - a potion of mutation {unknown}
 t - 2 potions of curing {unknown}
 w - a potion of attraction {unknown}
 E - a potion of lignification {unknown}


   Skills:
 + Level 3.1 Fighting
 + Level 4.1 Short Blades
 + Level 3.6(4.0) Slings
 - Level 2.0(2.8) Throwing
 + Level 4.4 Dodging
 + Level 7.9 Stealth


You had 6 spell levels left.
You didn't know any spells.
Your spell library contained the following spells:

 Spells                   Type           Power      Damage    Failure   Level
 Freeze                   Ice            0%         1d3       32%         1
 Corpse Rot               Necr/Air       0%         N/A       45%         2
 Poisonous Vapours        Pois/Air       0%         N/A       45%         2
 Frozen Ramparts          Ice            0%         1d2       69%         3
 Hailstorm                Conj/Ice       0%         3d3       97%         4


Dungeon Overview and Level Annotations

Branches:
Dungeon (5/15)              Sewer (visited)
 Temple: D:4-7

Altars:
Makhleb
Qazlal

Shops:
D:4 :


Innate Abilities, Weirdness & Mutations

You are very small and have problems with some larger weapons.
You are too small for most types of armour.
You have supernaturally acute eyesight. (SInv)
You cover ground extremely quickly. (Speed+++)


Message History

You hit the killer bee.
The killer bee is heavily wounded.
The killer bee stings you.
You are poisoned.
The killer bee poisons you! The killer bee closely misses you.
You closely miss the killer bee.
The killer bee is heavily wounded.
You feel very sick. The killer bee closely misses you. x2
You barely miss the killer bee.
The killer bee is heavily wounded.
You feel sick. The killer bee stings you. The killer bee barely misses you.
You hit the killer bee but do no damage.
The killer bee is heavily wounded.
You feel sick. The killer bee stings you. The killer bee closely misses you.
You hit the killer bee.
The killer bee is almost dead.
You feel sick. The killer bee closely misses you.
The killer bee completely misses you.
You barely miss the killer bee.
The killer bee is almost dead.
You feel sick. The killer bee stings you. x2
You closely miss the killer bee.
The killer bee is almost dead.
You feel sick.
The killer bee completely misses you. x2
You feel sick.
You feel sick. The killer bee closely misses you.
You feel sick.
You are no longer poisoned.
You open the door. The killer bee stings you.
* * * LOW HITPOINT WARNING * * *
You are poisoned.
The killer bee poisons you! The killer bee misses you.
Found a scroll labelled EKUUGRALAE.
You feel sick.
There is an open door here.
You feel sick.
You feel sick.
You feel sick. The killer bee stings you.
You die...

##################
#<..........$.....
########..###..........
#.........#?#..........
#?........###..........
+.....@.........#######
#....y.....##...# #
#..........##...# #
###'#########.Z.# #
.######..########...# .
..........(.......... ..
...................... ...
# #
#.#######.#######...##.....
#.# #.# #..# #...# ..


You could see a killer bee.

Vanquished Creatures
  A steam dragon (D:4)
  2 bullfrogs (Sewer)
  2 centaur skeletons (D:5)
  A bullfrog skeleton (D:4)
  An orc wizard (D:3)
  A hound skeleton (D:4)
  3 adders
  4 worms
  4 dart slugs
  7 orcs
  10 ball pythons
  6 bats
  2 endoplasms
  12 giant cockroaches
  8 goblins
  7 hobgoblins
  3 jackals (D:5)
  10 quokkas
  6 frilled lizards
  4 kobolds
  8 rats
102 creatures vanquished.

Notes
Turn   | Place    | Note
-------+----------+-------------------------------------------
     0 | D:1      | AmazingTV the Spriggan Brigand began the quest for the Orb.
     0 | D:1      | Reached XP level 1. HP: 10/10 MP: 2/2
   281 | D:1      | Reached skill level 6 in Stealth
   594 | D:1      | Reached XP level 2. HP: 15/15 MP: 3/3
   858 | D:1      | Reached skill level 1 in Slings
   872 | D:1      | Found a faded altar of an unknown god.
  1233 | D:2      | Reached XP level 3. HP: 18/18 MP: 4/4
  1291 | D:2      | Found a stormy altar of Qazlal.
  1954 | D:3      | Found a burning altar of Makhleb.
  2167 | D:3      | Reached XP level 4. HP: 9/23 MP: 5/5
  2522 | D:4      | Reached XP level 5. HP: 27/27 MP: 6/6
  2551 | D:4      | Identified the +4 whip of Undoing {drain, Str+4}
  2784 | D:4      | Noticed a steam dragon
  3063 | D:4      | Killed a steam dragon
  3064 | D:4      | Reached skill level 7 in Stealth
  3064 | D:4      | Reached XP level 6. HP: 32/32 MP: 7/7
  3160 | D:4      | Found Koligiel's Book Shoppe.
  3398 | D:5      | Entered Level 5 of the Dungeon
  3618 | D:5      | Found a glowing drain.
  3647 | Sewer    | Entered a sewer
  3897 | Sewer    | Reached XP level 7. HP: 28/36 MP: 8/8
  4255 | D:5      | Slain by a killer bee

Illustrated notes

Levels and vault maps discovered:
D:1:      lightli_arrival_flooded_house, layout_basic,
          hellmonk_ecumenical_altar_lost_god, roderic_lattice_a
D:2:      layout_basic, basic_altar, kennysheep_generic_room_16
D:3:      layout_rooms, old_standard_altar
D:4:      nicolae_cairo_tiling_large, layout_basic, serial_shops,
          nicolae_take_the_stairs
D:5:      layout_basic, portal_sewer_entry_a, grunt_ministairs_10,
          item_on_display_a

Skill      XL: |  1  2  3  4  5  6 |
---------------+-------------------+-----
Stealth        | 6 7 |  7.9
Slings         | 1 2 3 |  3.6
Dodging        | 2 3 4 |  4.4
Fighting       | 2 3 |  3.1
Short Blades   | 3 4 |  4.1
Throwing       | |  2.0

Action                   |  1- 3 |  4- 6 |  7- 9 || total
-------------------------+-------+-------+-------++-------
Melee: Dagger            |   113 |       |       ||   113
       Punch             |     2 |     3 |       ||     5
       Rapier            |    57 |   230 |    33 ||   320
Throw: Dart              |     5 |    11 |       ||    16
 Stab: Sleeping          |    14 |    12 |       ||    26
       Distracted        |     1 |       |       ||     1
Armor: Robe              |    18 |    13 |       ||    31
       Steam dragon scal |       |    47 |     4 ||    51
Dodge: Dodged            |   103 |   266 |    44 ||   413
